 Dungeon Crawl Stone Soup version 0.25.0-9-g26727b657a (webtiles) character file.

Game seed: 18331862297345489413

441259 Flugkiller the Slayer (level 22, -10/257 HPs)
             Began as a Deep Dwarf Fighter on June 20, 2020.
             Was an Elder of Makhleb.
             Mangled by an Orb Guardian (20 damage)
             ... on level 5 of the Realm of Zot.
             The game lasted 00:25:16 (22651 turns).

Flugkiller the Slayer (Deep Dwarf Fighter)         Turns: 22651, Time: 00:25:17

Health: -10/257    AC: 40    Str: 30 (32) XL:     22   Next: 71%
Magic:  9/9 (0)    EV: 12    Int: 15      God:    Makhleb [****..]
Gold:   5693       SH: 22    Dex: 11      Spells: 21/21 levels left

rFire    + . .     SeeInvis +   O - +5 broad axe (elec)
rCold    + . .     Gourm    .   I - +2 kite shield {AC+3}
rNeg     + + .     Faith    .   G - +3 gold dragon scales
rPois    +         Spirit   .   (helmet restricted)
rElec    .         Reflect  +   E - +2 ratskin cloak {+Rats rPois rN+ Str-1 Int-1 Dex+1}
rCorr    +         Harm     .   m - +3 pair of gloves "Nyzxunisu" {*Contam Int+8}
MR       +++..                  a - +1 pair of boots of Summertime {rPois MP+9 Str+4 Int-2}
Stlth    ..........             p - amulet of reflection
HPRegen  0.00/turn              k - ring of resist corrosion
MPRegen  0.11/turn              i - ring of see invisible

@: non-regenerating
A: damage resistance, heal wounds, beak, clumsy 1, negative energy resistance 1,
sense surroundings 3, robust 1, screaming 1, no regeneration
0: Orb of Zot
}: 3/15 runes: barnacled, silver, gossamer
a: Heal Wounds, Minor Destruction, Lesser Servant of Makhleb, Major Destruction,
Renounce Religion, Evoke Ratskin


You were on level 5 of the Realm of Zot.
You worshipped Makhleb.
Makhleb was greatly pleased with you.
You were not hungry.

You visited 9 branches of the dungeon, and saw 44 of its levels.
You also visited: Sewer.

You collected 6815 gold pieces.
You spent 1122 gold pieces at shops.

Inventory:

Hand Weapons
 O - a +5 broad axe of electrocution (weapon)
   (You bought it in a shop on level 2 of the Orcish Mines)
Missiles
 y - 10 throwing nets (quivered)
Armour
 a - the +1 pair of boots of Summertime (worn) {rPois MP+9 Str+4 Int-2}
   (You acquired it on level 15 of the Dungeon)

   It affects your strength (+4).
   It affects your intelligence (-2).
   It protects you from poison.
   It affects your magic capacity (+9).
 m - the +3 pair of gloves "Nyzxunisu" (worn) {*Contam Int+8}
   (You acquired it on level 4 of the Vaults)

   It affects your intelligence (+8).
   It causes magical contamination when unequipped.
 E - the +2 ratskin cloak (worn) {+Rats rPois rN+ Str-1 Int-1 Dex+1}
   (You found it on level 8 of the Dungeon)

   It affects your strength (-1).
   It affects your intelligence (-1).
   It affects your dexterity (+1).
   It protects you from poison.
   It protects you from negative energy.
 G - +3 gold dragon scales (worn)
   (You found it on level 5 of the Vaults)
 I - a +2 kite shield of protection (worn)
   (You acquired it on level 2 of the Realm of Zot)
Jewellery
 i - a ring of see invisible (right hand)
   (You found it on level 7 of the Dungeon)
 k - a ring of resist corrosion (left hand)
   (You bought it in a shop on level 14 of the Dungeon)
 o - an uncursed ring of poison resistance
   (You found it on level 3 of the Lair of Beasts)
 p - an amulet of reflection (around neck)
   (You found it on level 5 of the Dungeon)
Wands
 l - a wand of paralysis (52)
   (You took it off Pikel on level 5 of the Dungeon)
 v - a wand of digging (3)
   (You found it on level 8 of the Dungeon)
 D - a wand of acid (13)
   (You took it off Psyche on level 9 of the Dungeon)
 L - a wand of iceblast (11)
   (You found it on level 1 of the Lair of Beasts)
 N - a wand of enslavement (36)
   (You found it on level 2 of the Dungeon)
 P - a wand of clouds (4)
   (You found it on level 4 of the Spider Nest)
Scrolls
 c - a scroll of holy word {unknown}
 f - 3 scrolls of immolation
 g - 7 scrolls of fog
 r - 8 scrolls of identify
 t - 3 scrolls of teleportation
 u - a scroll of magic mapping
 x - 15 scrolls of remove curse
 A - 6 scrolls of fear
 H - a scroll of enchant armour
Potions
 b - 7 potions of magic
 j - 5 potions of brilliance
 n - 2 potions of resistance
 q - 3 potions of curing
 C - 5 potions of ambrosia
 F - a potion of berserk rage
 J - 5 potions of flight
 K - 6 potions of lignification
 Q - a potion of mutation
 R - a potion of invisibility
Comestibles
 e - 36 rations


   Skills:
 * Level 21.7 Fighting
 - Level 18.0 Axes
 - Level 20.4 Armour
 + Level 12.7 Dodging
 - Level 15.0 Shields
 - Level 15.0 Invocations
 - Level 6.0 Evocations


You had 21 spell levels left.
You didn't know any spells.
Your spell library was empty.

Dungeon Overview and Level Annotations

Branches:
Dungeon (15/15)            Temple (1/1) D:6            Lair (3/6) D:11
 Shoals (4/4) Lair:2       Spider (4/4) Lair:2          Orc (2/2) D:12
    Elf (0/3) Orc:2        Vaults (5/5) D:14          Crypt (0/3) Vaults:2
 Depths (5/5) D:15            Zot (5/5) Depths:5      Sewer (visited)

Altars:
Cheibriados
Dithmenos
Hepliaklqana
Makhleb
Nemelex Xobeh
Okawaru
Qazlal
Ru
Sif Muna
Trog
Vehumet
Wu Jian
Xom
Yredelemnul
The Shining One
Beogh

Shops:
D:8 *}*   D:11 (   D:14 ::=[   Orc:2 [(*%   Shoals:4 (   Depths:2 (
Depths:3 *

Portals:
Hell: Depths:3
Abyss: Depths:5
Pandemonium: Depths:3

Annotations:
D:15 1 runed translucent door
Lair:3 exclusion: oklob plant
Depths:2 4 runed translucent doors
Zot:2 1 transporter, exclusion: orange crystal statue
Zot:5 exclusion: obsidian statue


Innate Abilities, Weirdness & Mutations

You are resistant to damage.
You can heal yourself by infusing magical energy.
You resist negative energy. (rN+)
You passively map a large area around you.
You do not regenerate.
You have a beak for a mouth.
You are clumsy. (Dex -2)
You are robust. (+10% HP)
You occasionally shout uncontrollably at your foes.


Message History

As you read the scroll of blinking, it crumbles to dust.
Unknown command.
A demon appears!
You can no longer summon a greater servant of Makhleb.
The electric golem blinks!
The Orb Guardian misses you.
You miss the Orb Guardian.
You peck the Orb Guardian, but do no damage.
You hit the curse toe but do no damage.
The Orb Guardian hits your balrug but does no damage.
You block the Orb Guardian's attack.
The curse toe gestures.
You closely miss the Orb Guardian. Your peck misses the Orb Guardian.
You slice the wandering mushroom!!
Lightning courses through the wandering mushroom!!
You hit the curse toe but do no damage. You slice the wandering mushroom!!
You slice the deathcap!! The Orb Guardian hits your balrug!!
Your balrug hits the Orb Guardian with a +0 demon whip!
The Orb Guardian is engulfed in flames!!
The Orb Guardian hits you!!
You die...

####*****#########
.................#
.................#
.................# ####
^.............○f.# #..####
...............zf# #......
......[..^.....f@# ##.####
...............fX# #.#
...............f2###########'###
...#'##+####'####X.............#
...#.##.# #.# ##X............#
...#.##.# #.#####XL....<......#
...#.##.# #.....#.............#
...#.##.# #..L&.'..[.)........#
...#.##.####.###⌠#....)........#


You could see a curse toe, 2 Orb Guardians, 2 deathcaps, 3 wandering mushrooms
and a friendly balrug (summoned).

Vanquished Creatures
  An ancient lich (Vaults:5)
  2 orbs of fire
  Boris (Depths:5)
  Frederick (Depths:5)
  4 Killer Klowns (Zot:5)
  Saint Roka (Vaults:5)
  3 curse toes
  Xtahua (Vaults:5)
  3 golden dragons
  10 Orb Guardians (Zot:5)
  Asterion (Depths:2)
  10 tentacled monstrosities
  3 liches
  5 quicksilver dragons
  2 titans (Vaults:5)
  Frances (Shoals:2)
  4 death cobs
  9 sphinxes
  4 tengu reavers
  A thorn hunter (Depths:3)
  10 shadow dragons
  5 draconian monks
  11 storm dragons
  5 fire giants
  2 iron dragons (Vaults:5)
  3 emperor scorpions (Spider:4)
  4 vault wardens
  3 draconian knights
  8 frost giants
  6 draconian scorchers
  A balrug (Depths:5)
  A curse skull (Vaults:2)
  3 ghost moths (Spider:4)
  A draconian annihilator (Depths:5)
  5 draconian stormcallers
  A draconian shifter (Zot:2)
  7 very ugly things
  A reaper (Depths:5)
  6 stone giants
  9 ironheart preservers
  A war gargoyle (Depths:5)
  2 entropy weavers
  4 black draconians
  A vampire knight (Depths:5)
  A green draconian (Depths:5)
  3 purple draconians
  A deep elf annihilator (Vaults:1)
  5 spark wasps
  A red draconian (Zot:4)
  2 deep elf demonologists
  3 white draconians
  3 yellow draconians
  7 ettins
  A merfolk javelineer (Shoals:3)
  3 merfolk impalers (Shoals:4)
  An eidolon (Vaults:2)
  9 ogre magi
  A deep elf death mage (Vaults:3)
  11 yaktaur captains
  6 fire dragons
  A rakshasa (Depths:3)
  3 ice dragons
  29 vault guards
  3 hydras
  A merfolk avatar (Shoals:4)
  An anaconda (shapeshifter) (Vaults:5)
  A spriggan air mage (Depths:2)
  3 satyrs
  4 centaur warriors
  A dancing weapon (Vaults:5)
  A death knight (Vaults:3)
  24 two-headed ogres
  9 deep troll shamans
  A vampire mage (D:15)
  10 merfolk aquamancers
  A tengu warrior (Depths:5)
  9 deep troll earth magi
  2 orc high priests (Orc:2)
  A deep elf knight (Vaults:3)
  3 sun demons (Depths:5)
  A salamander mystic (Depths:3)
  2 soul eaters (Depths:5)
  3 skeletal warriors
  4 hell knights (Depths:4)
  4 iron trolls
  5 sea snakes
  A shadow wraith (Vaults:4)
  3 flayed ghosts
  25 deep trolls
  6 ironbrand convokers
  4 deep elf archers
  Pikel (D:5)
  2 wizards
  A shadow dragon zombie (Vaults:5)
  4 phantasmal warriors
  A glowing orange brain (shapeshifter) (Vaults:5)
  3 harpies (Vaults:5)
  5 necromancers
  5 orc knights
  6 orb spiders
  A harpy (shapeshifter) (Vaults:4)
  5 orc sorcerers (Vaults:5)
  9 deep elf magi
  7 fauns (Shoals:3)
  An iron dragon zombie (D:15)
  A fire giant zombie (D:15)
  15 slime creatures
  13 wolf spiders
  16 ugly things
  9 manticores
  3 cyclopes
  4 elephants (Lair:2)
  4 merfolk sirens
  2 salamanders (Depths:3)
  12 moths of wrath
  5 water nymphs
  An iron dragon skeleton (Vaults:5)
  A torpor snail (shapeshifter) (Vaults:5)
  2 torpor snails (Spider:4)
  Psyche (D:9)
  6 rust devils (Depths:5)
  11 vault sentinels
  4 spiny frogs
  A yaktaur zombie (D:15)
  A gargoyle (D:15)
  2 kobold demonologists
  5 freezing wraiths
  2 efreet (Depths:5)
  23 yaktaurs
  2 komodo dragons
  3 demonic crawlers
  4 trolls
  A polar bear (Lair:2)
  3 red devils (Depths:5)
  10 jumping spiders
  14 merfolk
  2 hornets (shapeshifter)
  2 hornets
  2 wind drakes (Shoals:4)
  7 hippogriffs
  A hippogriff (shapeshifter) (Vaults:5)
  7 blink frogs
  A snapping turtle (shapeshifter) (Depths:3)
  2 meliai zombies
  5 snapping turtles
  2 flying skulls (Depths:5)
  35 redbacks
  3 water elementals
  2 wyverns (D:14)
  A spriggan (Lair:2)
  5 shadows
  12 tarantellas
  A tarantella (shapeshifter) (D:14)
  19 yaks
  6 wraiths
  Eustachio (D:4)
  A basilisk (Lair:2)
  2 hungry ghosts
  6 vampire mosquitoes
  4 wargs
  A tengu zombie (D:15)
  2 acid dragons
  A naga (shapeshifter) (Vaults:5)
  8 water moccasins
  3 hell hounds (Depths:5)
  7 porcupines
  18 orc warriors
  A sky beast (D:12)
  An ice beast (shapeshifter) (Vaults:5)
  3 ice beasts
  4 phantoms
  A slave (D:5)
  An eye of draining (D:14)
  A black bear (Lair:2)
  A necrophage (D:9)
  A boggart (shapeshifter) (Vaults:5)
  28 ogres
  15 wolves
  8 boggarts
  20 centaurs
  8 crocodiles
  2 big kobolds
  17 bullfrogs
  A wyvern zombie (D:11)
  2 gnoll sergeants (D:8)
  2 human skeletons (Vaults:5)
  A hornet simulacrum (D:15)
  5 scorpions
  6 killer bees (D:10)
  5 wights
  6 howler monkeys
  4 crimson imps
  A lava snake (D:13)
  2 quasits
  A bullfrog zombie (D:12)
  4 hounds
  10 jellies
  4 centaur zombies
  24 orc priests
  3 iguanas
  2 bullfrog skeletons
  8 centaur skeletons
  23 orc wizards
  3 hell rats (D:8)
  10 worker ants
  A mummy (D:7)
  A howler monkey zombie (D:6)
  A worker ant zombie (D:5)
  8 gnolls (D:8)
  7 adders
  A howler monkey skeleton (D:5)
  4 river rats (D:8)
  3 shadow imps
  An ufetubus (Depths:3)
  An ooze (shapeshifter) (Vaults:5)
  An adder skeleton (D:7)
  2 worms
  A dart slug (D:4)
  5 leopard geckos
  69 orcs
  6 bats
  9 giant cockroaches
  A goblin (D:1)
  12 jackals
  9 kobolds
  2 quokkas
  A ball python zombie (D:6)
  2 frilled lizards (D:5)
  2 hobgoblin zombies (D:7)
  A jackal skeleton (D:8)
  A leopard gecko zombie (D:6)
  2 orc zombies (D:7)
  A quokka skeleton (D:7)
  A quokka zombie (D:5)
  18 rats
  2 fungi (Lair:2)
  2 plants (Shoals:4)
  2 withered plants (D:15)
1211 creatures vanquished.

Vanquished Creatures (collateral kills)
  A golden dragon (Vaults:5)
  3 Orb Guardians (Zot:5)
  5 tentacled monstrosities
  A titan (Vaults:5)
  A death cob (Zot:3)
  A storm dragon (Depths:5)
  An acid blob (Depths:3)
  4 tengu reavers (Vaults:5)
  2 draconian monks
  3 vault wardens (Vaults:5)
  3 fire giants
  A draconian shifter (Depths:5)
  3 emperor scorpions (Spider:4)
  A draconian stormcaller (Depths:5)
  An ironheart preserver (Vaults:3)
  A war gargoyle (Vaults:5)
  2 stone giants
  2 very ugly things
  A black draconian (Zot:2)
  2 purple draconians
  A white draconian (Depths:5)
  A red draconian (Zot:5)
  2 yellow draconians
  3 merfolk impalers (Shoals:4)
  2 fire dragons
  A rakshasa (Depths:2)
  A vault guard (Vaults:5)
  A hydra (D:13)
  2 ogre magi
  A two-headed ogre (Vaults:3)
  2 orc high priests (Orc:2)
  A soul eater (Depths:5)
  A deep elf knight (Vaults:5)
  A skeletal warrior (Depths:5)
  A shadow wraith (Vaults:5)
  2 deep trolls (Depths:2)
  An unseen horror (shapeshifter) (Vaults:5)
  An unseen horror (D:13)
  2 deep elf archers
  An orc knight (Vaults:5)
  A deep elf mage (Vaults:3)
  An orb spider (Spider:4)
  An ugly thing (Depths:1)
  An orc sorcerer (Orc:2)
  3 wolf spiders (Spider:4)
  A centaur zombie (D:13)
  A faun (Shoals:3)
  2 moths of wrath
  A merfolk siren (Shoals:4)
  2 rust devils (Depths:5)
  A vault sentinel (Vaults:3)
  A water nymph (Shoals:2)
  A centaur skeleton (D:13)
  A komodo dragon (Lair:1)
  A yaktaur (Vaults:3)
  2 merfolk
  4 jumping spiders (Spider:4)
  2 tarantellas (Spider:4)
  A vampire (D:13)
  6 redbacks (Spider:4)
  A warg (Orc:2)
  An acid dragon (D:13)
  6 orc warriors
  A sky beast (D:13)
  An ice beast (D:13)
  An ogre (Vaults:5)
  2 centaurs (D:13)
  5 electric eels
  10 orc priests (Orc:2)
  6 orc wizards (Orc:2)
  3 orcs
138 creatures vanquished.

Vanquished Creatures (others)
  A red draconian (Zot:2)
  A spark wasp (Zot:4)
  A shock serpent (Zot:4)
  An orc warrior (Vaults:5)
  A boggart (Vaults:1)
  2 fungi (Lair:2)
  11 plants
18 creatures vanquished.

Grand Total: 1367 creatures vanquished

Notes
Turn   | Place    | Note
-------+----------+-------------------------------------------
     0 | D:1      | Flugkiller the Deep Dwarf Fighter began the quest for the
                  | Orb.
     0 | D:1      | Reached XP level 1. HP: 20/20 MP: 1/1
   151 | D:2      | Reached skill level 3 in Fighting
   151 | D:2      | Reached XP level 2. HP: 22/28 MP: 2/2
   151 | D:2      | Reached XP level 3. HP: 27/34 MP: 3/3
   234 | D:3      | Reached XP level 4. HP: 23/42 MP: 4/4
   460 | D:4      | Reached XP level 5. HP: 28/49 MP: 5/5
   481 | D:4      | Noticed an ogre
   496 | D:4      | Killed an ogre
   555 | D:4      | Reached XP level 6. HP: 44/56 MP: 6/6
   812 | D:4      | Found a shadowy altar of Dithmenos.
   837 | D:4      | Reached skill level 5 in Axes
   901 | D:4      | Noticed Eustachio
   919 | D:4      | Killed Eustachio
   919 | D:4      | Reached skill level 4 in Fighting
   919 | D:4      | Reached XP level 7. HP: 27/64 MP: 7/7
  1203 | D:4      | Reached skill level 5 in Armour
  1203 | D:4      | Reached skill level 5 in Shields
  1226 | D:5      | Entered Level 5 of the Dungeon
  1649 | D:5      | Reached XP level 8. HP: 63/73 MP: 8/8
  1690 | D:5      | Noticed a two-headed ogre
  1708 | D:5      | Killed a two-headed ogre
  1708 | D:5      | Reached skill level 5 in Fighting
  1854 | D:5      | Noticed a moth of wrath
  1857 | D:5      | Found a bloodstained altar of Trog.
  1990 | D:5      | Noticed Pikel
  2034 | D:5      | Killed Pikel
  2034 | D:5      | Gained mutation: You passively map the area around you.
                  | [Deep Dwarf growth]
  2034 | D:5      | Reached XP level 9. HP: 81/82 MP: 8/8
  2171 | D:6      | Found a staircase to the Ecumenical Temple.
  2187 | Temple   | Entered the Ecumenical Temple
  2210 | Temple   | Became a worshipper of Makhleb the Destroyer
  2289 | D:6      | Found a glowing drain.
  2323 | D:6      | Reached skill level 1 in Invocations
  2330 | D:6      | Reached * piety under Makhleb
  2359 | D:6      | Reached skill level 6 in Fighting
  2364 | Sewer    | Entered a sewer
  2707 | D:6      | Reached skill level 1 in Evocations
  2899 | D:7      | Reached ** piety under Makhleb
  3135 | D:7      | Reached skill level 10 in Axes
  3174 | D:7      | Reached XP level 10. HP: 69/92 MP: 11/11
  3310 | D:7      | Found a snail-covered altar of Cheibriados.
  3310 | D:7      | Found a hazy altar of Hepliaklqana.
  3311 | D:7      | Found an iron altar of Okawaru.
  3692 | D:8      | Found Ytreeble's General Store.
  3702 | D:8      | Bought a scroll of fear for 52 gold pieces
  3740 | D:8      | Noticed a two-headed ogre
  3745 | D:8      | Reached *** piety under Makhleb
  3760 | D:8      | Killed a two-headed ogre
  3830 | D:8      | Found Niowny's Gadget Shoppe.
  3860 | D:8      | Noticed a two-headed ogre
  3877 | D:8      | Killed a two-headed ogre
  3877 | D:8      | Reached skill level 5 in Invocations
  4371 | D:8      | Found Ysuim's Assorted Antiques.
  4501 | D:8      | Reached **** piety under Makhleb
  4504 | D:8      | Found the +2 ratskin cloak {+Rats rPois rN+ Str-1 Int-1
                  | Dex+1}
  4696 | D:9      | Reached skill level 7 in Fighting
  4849 | D:9      | Noticed an eight-headed hydra
  4859 | D:9      | Killed a two-headed hydra
  4859 | D:9      | Reached XP level 11. HP: 84/99 MP: 12/12
  5090 | D:9      | Noticed Psyche
  5110 | D:9      | HP: 2/100 [acid (12)]
  5111 | D:9      | Killed Psyche
  5422 | D:9      | Noticed a wizard
  5424 | D:9      | Paralysed by a wizard for 2 turns
  5432 | D:9      | Killed a wizard
  5432 | D:9      | Reached skill level 5 in Evocations
  5477 | D:10     | Entered Level 10 of the Dungeon
  5631 | D:10     | Noticed a four-headed hydra
  5643 | D:10     | Killed a one-headed hydra
  6079 | D:11     | Found Hiwkomog's Weapon Boutique.
  6080 | D:11     | Found a staircase to the Lair.
  6089 | Lair:1   | Entered Level 1 of the Lair of Beasts
  6104 | Lair:1   | Reached ***** piety under Makhleb
  6161 | Lair:1   | HP: 5/102 [electric eel/bolt of electricity (6)]
  6162 | Lair:1   | HP: 1/102 [electric eel/bolt of electricity (4)]
  6466 | Lair:1   | Noticed a six-headed hydra
  6477 | Lair:1   | Killed a one-headed hydra
  7151 | D:8      | Bought a +7 plate armour of ponderousness for 525 gold
                  | pieces
  7328 | Lair:2   | Reached skill level 8 in Fighting
  7340 | Lair:2   | Reached XP level 12. HP: 107/110 MP: 12/12
  7497 | Lair:2   | Found a staircase to the Shoals.
  7918 | Lair:2   | Reached skill level 10 in Shields
  7933 | Lair:2   | Found a hole to the Spider Nest.
  7943 | Lair:2   | Reached skill level 10 in Armour
  8897 | D:11     | Noticed a two-headed ogre
  8905 | D:11     | Killed a two-headed ogre
  9771 | D:12     | Found a staircase to the Orcish Mines.
  9848 | Orc:1    | Entered Level 1 of the Orcish Mines
  9916 | Orc:2    | Entered Level 2 of the Orcish Mines
  9974 | Orc:2    | Found a roughly hewn altar of Beogh.
  9980 | Orc:2    | Reached skill level 9 in Fighting
  9986 | Orc:2    | Reached XP level 13. HP: 121/121 MP: 15/15
 10151 | Orc:2    | Found a staircase to the Elven Halls.
 10210 | Orc:2    | Reached ****** piety under Makhleb
 10241 | Orc:2    | Found Seposkor's Food Emporium.
 10241 | Orc:2    | Found Urghoy's General Store.
 10242 | Orc:2    | Found Denec's Armour Shoppe.
 10250 | Orc:2    | Found Yggouc's Weapon Shoppe.
 10255 | Orc:2    | Bought a +0 broad axe of electrocution for 168 gold pieces
 10264 | Orc:2    | Bought a scroll of enchant weapon for 97 gold pieces
 10494 | D:13     | Reached skill level 10 in Invocations
 11126 | D:14     | Found Alaqur's Armour Shoppe.
 11228 | D:14     | Found Qeogorhocw's Jewellery Shoppe.
 11242 | D:14     | Bought an uncursed ring of resist corrosion for 280 gold
                  | pieces
 11259 | D:14     | Found a gate to the Vaults.
 11291 | D:14     | Reached skill level 15 in Axes
 11433 | D:14     | Found a flickering gateway to a bazaar.
 11530 | D:14     | Found a sacrificial altar of Ru.
 11599 | D:14     | Found Ubry Merue's Book Shop.
 11610 | D:14     | Gained mutation: You resist negative energy. (rN+) [Deep
                  | Dwarf growth]
 11610 | D:14     | Reached XP level 14. HP: 130/130 MP: 17/17
 11629 | D:14     | Found Uxkin's Book Emporium.
 11667 | D:14     | Found a basalt altar of Yredelemnul.
 11840 | D:15     | Entered Level 15 of the Dungeon
 11948 | D:15     | Reached skill level 10 in Fighting
 12005 | D:15     | Found a runed translucent door.
 12005 | D:15     | Found a glowing golden altar of the Shining One.
 12005 | D:15     | Noticed an angel
 12066 | D:15     | Found a staircase to the Depths.
 12551 | D:15     | Identified 2 scrolls of acquirement
 12567 | D:15     | Got the +1 pair of boots of Summertime {rPois MP+9 Str+4
                  | Int-2}
 12827 | Spider:1 | Entered Level 1 of the Spider Nest
 12965 | Spider:4 | Entered Level 4 of the Spider Nest
 13273 | Spider:4 | Noticed an emperor scorpion
 13301 | Spider:4 | Killed an emperor scorpion
 13325 | Spider:4 | Noticed an emperor scorpion
 13346 | Spider:4 | Killed an emperor scorpion
 13394 | Spider:4 | Noticed an emperor scorpion
 13410 | Spider:4 | Reached XP level 15. HP: 101/140 MP: 19/19
 13448 | Spider:4 | Noticed a ghost moth
 13448 | Spider:4 | Noticed a ghost moth
 13454 | Spider:4 | Noticed a ghost moth
 13468 | Spider:4 | Killed a ghost moth
 13652 | Spider:4 | Killed a ghost moth
 13734 | Spider:4 | Killed a ghost moth
 13908 | Spider:4 | Got a gossamer rune of Zot
 14204 | Shoals:1 | Entered Level 1 of the Shoals
 14495 | Shoals:2 | Noticed Frances
 14505 | Shoals:2 | Killed Frances
 14505 | Shoals:2 | Reached skill level 11 in Fighting
 14720 | Shoals:4 | Entered Level 4 of the Shoals
 15177 | Shoals:4 | Found Nepoolix's Weapon Shoppe.
 15202 | Shoals:4 | Reached XP level 16. HP: 98/151 MP: 18/18
 15247 | Shoals:4 | Got a barnacled rune of Zot
 15528 | Vaults:1 | Entered Level 1 of the Vaults
 15722 | Vaults:1 | Noticed a Tzitzimitl
 15954 | Vaults:2 | Noticed an Ice Fiend
 16023 | Vaults:2 | Found a staircase to the Crypt.
 16124 | Vaults:3 | Reached skill level 12 in Fighting
 16251 | Vaults:3 | Noticed a tengu reaver
 16276 | Vaults:3 | Killed a tengu reaver
 16396 | Vaults:3 | Reached skill level 15 in Invocations
 16487 | Vaults:3 | Reached XP level 17. HP: 99/162 MP: 16/16
 16991 | Vaults:4 | Reached skill level 15 in Shields
 16997 | Vaults:4 | Reached skill level 15 in Armour
 17085 | Vaults:4 | Reached skill level 13 in Fighting
 17374 | Vaults:5 | Entered Level 5 of the Vaults
 17385 | Vaults:5 | Noticed a tentacled monstrosity
 17388 | Vaults:5 | Noticed a golden dragon
 17394 | Vaults:5 | Killed a tentacled monstrosity
 17404 | Vaults:5 | Killed a golden dragon
 17408 | Vaults:5 | Noticed a tentacled monstrosity
 17431 | Vaults:5 | Killed a tentacled monstrosity
 17575 | Vaults:5 | Gained mutation: You are frail. (-10% HP) [a shining eye]
 17620 | Vaults:5 | Reached skill level 14 in Fighting
 17673 | Vaults:5 | Noticed Xtahua
 17675 | Vaults:5 | Gained mutation: You passively map a large area around you.
                  | [Deep Dwarf growth]
 17675 | Vaults:5 | Reached XP level 18. HP: 157/157 MP: 14/14
 17687 | Vaults:5 | Killed Xtahua
 17689 | Vaults:5 | Noticed a golden dragon
 17713 | Vaults:5 | Identified the +3 leather armour of Ankewnum {rPois rF+
                  | Str+2 Dex+3}
 17739 | Vaults:5 | Reached skill level 15 in Fighting
 17751 | Vaults:5 | Noticed an ancient lich
 17756 | Vaults:5 | Killed a golden dragon
 17758 | Vaults:5 | Noticed a tentacled monstrosity
 17758 | Vaults:5 | Noticed Saint Roka
 17770 | Vaults:5 | Noticed a tentacled monstrosity
 17793 | Vaults:5 | Killed a tentacled monstrosity
 18091 | Vaults:5 | Reached XP level 19. HP: 81/169 MP: 9/9
 18100 | Vaults:4 | Got the +3 pair of gloves "Nyzxunisu" {*Contam Int+8}
 18185 | Vaults:5 | Reached skill level 16 in Fighting
 18202 | Vaults:5 | Killed Saint Roka
 18368 | Vaults:5 | Paralysed by an ancient lich for 2 turns
 18378 | Vaults:5 | Killed an ancient lich
 18720 | Vaults:5 | Got a silver rune of Zot
 19077 | Vaults:5 | Lost mutation: You are frail. (-10% HP) [potion of
                  | mutation]
 19077 | Vaults:5 | Gained mutation: You have sharp toenails. [potion of
                  | mutation]
 19077 | Vaults:5 | Gained mutation: You are resistant to electric shocks.
                  | (rElec) [potion of mutation]
 19419 | Depths:1 | Entered Level 1 of the Depths
 19494 | Depths:1 | Reached skill level 17 in Fighting
 19556 | Depths:2 | Found Ucsuzix's Antique Weapon Boutique.
 19617 | Depths:2 | Found a large runed translucent door.
 19618 | Depths:2 | Found a large runed translucent door.
 19619 | Depths:2 | Noticed a caustic shrike
 19621 | Depths:2 | Found a large runed translucent door.
 19621 | Depths:2 | Noticed a golden dragon
 19684 | Depths:2 | Noticed Asterion
 19704 | Depths:2 | Killed Asterion
 19764 | Depths:2 | Found a large runed translucent door.
 19845 | Depths:3 | Reached XP level 20. HP: 201/201 MP: 10/10
 19985 | Depths:3 | Found Recoc's Elemental Accessories.
 20078 | Depths:3 | Found a gateway to Hell.
 20126 | Depths:3 | Found a one-way gate leading to the halls of Pandemonium.
 20185 | Depths:3 | Reached skill level 1 in Dodging
 20273 | Depths:3 | Identified the +2 flail of Valour {flame, rN++ Stlth-}
 20293 | Depths:3 | Reached skill level 18 in Fighting
 20411 | Depths:5 | Entered Level 5 of the Depths
 20438 | Depths:5 | Noticed Frederick
 20448 | Depths:5 | Killed Frederick
 20458 | Depths:5 | Reached skill level 5 in Dodging
 20610 | Depths:5 | Found a sparkling altar of Nemelex Xobeh.
 20661 | Depths:5 | Found a glowing golden altar of the Shining One.
 20661 | Depths:5 | Found a one-way gate to the infinite horrors of the Abyss.
 20889 | Depths:5 | Noticed a golden dragon
 20901 | Depths:5 | Reached skill level 19 in Fighting
 20915 | Depths:5 | Reached XP level 21. HP: 177/216 MP: 6/6
 20916 | Depths:5 | Killed a golden dragon
 21031 | Depths:5 | Found an ornate altar of the Wu Jian Council.
 21031 | Depths:5 | Noticed Boris
 21073 | Depths:5 | Killed Boris
 21118 | Depths:5 | Found a gate to the Realm of Zot.
 21127 | Zot:1    | Entered Level 1 of the Realm of Zot
 21159 | Zot:2    | Noticed a curse toe
 21159 | Zot:2    | Noticed an orb of fire
 21232 | Zot:2    | Found a transporter.
 21268 | Zot:2    | Noticed a golden dragon
 21282 | Zot:2    | Noticed a golden dragon
 21297 | Zot:2    | Killed a golden dragon
 21366 | Zot:2    | Reached skill level 20 in Fighting
 21512 | Zot:2    | Reached skill level 10 in Dodging
 21538 | Zot:2    | Killed a curse toe
 21608 | Zot:2    | WTF
 21673 | Zot:2    | Gained mutation: You tend to lose your temper in combat.
                  | [an orb of fire]
 21674 | Zot:2    | Gained mutation: You are dopey. (Int -2) [an orb of fire]
 21683 | Zot:2    | Killed an orb of fire
 21818 | Zot:2    | Noticed a curse toe
 21869 | Zot:2    | Killed a curse toe
 21971 | Zot:4    | Reached XP level 22. HP: 156/230 MP: 2/2
 21982 | Zot:4    | Noticed a curse toe
 22005 | Zot:4    | Killed a curse toe
 22021 | Zot:5    | Entered Level 5 of the Realm of Zot
 22241 | Zot:5    | Reached skill level 21 in Fighting
 22326 | Zot:5    | Lost mutation: You have sharp toenails. [potion of
                  | mutation]
 22326 | Zot:5    | Lost mutation: You are dopey. (Int -2) [potion of mutation]
 22326 | Zot:5    | Lost mutation: You are resistant to electric shocks.
                  | (rElec) [potion of mutation]
 22326 | Zot:5    | Lost mutation: You tend to lose your temper in combat.
                  | [potion of mutation]
 22326 | Zot:5    | Gained mutation: You occasionally shout uncontrollably at
                  | your foes. [potion of mutation]
 22326 | Zot:5    | Gained mutation: You have a beak for a mouth. [potion of
                  | mutation]
 22326 | Zot:5    | Gained mutation: You are robust. (+10% HP) [potion of
                  | mutation]
 22455 | Zot:5    | Noticed a Killer Klown
 22457 | Zot:5    | Noticed a Killer Klown
 22457 | Zot:5    | Noticed a Killer Klown
 22505 | Zot:5    | Killed a Killer Klown
 22512 | Zot:5    | Killed a Killer Klown
 22519 | Zot:5    | Killed a Killer Klown
 22542 | Zot:5    | Noticed a Killer Klown
 22542 | Zot:5    | Noticed an orb of fire
 22548 | Zot:5    | Gained mutation: You are clumsy. (Dex -2) [an orb of fire]
 22555 | Zot:5    | Killed a Killer Klown
 22559 | Zot:5    | Killed an orb of fire
 22608 | Zot:5    | Got the Orb of Zot
 22610 | Zot:5    | Noticed an ancient lich
 22610 | Zot:5    | Noticed an orb of fire
 22610 | Zot:5    | Noticed a Killer Klown
 22610 | Zot:5    | Noticed an orb of fire
 22610 | Zot:5    | Noticed a Killer Klown
 22611 | Zot:5    | Noticed an ancient lich
 22639 | Zot:5    | Noticed Ronyguo the pandemonium lord
 22646 | Zot:5    | Noticed a curse toe
 22651 | Zot:5    | Mangled by an Orb Guardian

Illustrated notes

* .........#.≈≈♣ ≈ ,,
#...........#.≈≈ * ..,
.....#.#.#.....≈ ≈ ≈.. ,
##...#..>..#....., ,...
#...#.......#..######'###*
#..............).........
#...#<..8..<#............ ,
#........[......2[.......,,*
#...#.......#...@1.......
....†#..<..#....2........
*#....#)#.#....2.........,
##)..))......#.......... ,
#..........##..........
#....##############'###
#)#### .# #[####### * #
#.......#


Turn 21608 on Zot:2: WTF

Levels and vault maps discovered:
D:1:      dpeg_arrival_court, layout_rooms
D:2:      kennysheep_the_goblin_king, layout_loops_corners, due_unseen_surprise
D:3:      layout_loops_ring, first_ration, minmay_misc_feat_room, uniq_natasha
D:4:      layout_loops_ring, serial_bayou, serial_bayou_pond_a,
          serial_bayou_lagoon_a, serial_bayou_ford_a, serial_bayou_pond_c,
          grunt_dithmenos_smoke_and_mirrors, uniq_eustachio
D:5:      layout_gridville, tgw_trog, minmay_strange_pillars, grunt_decor_cap,
          uniq_pikel, uniq_ijyb
D:6:      layout_cave_pools, minmay_temple_entry_waves, portal_sewer_entry_b
D:7:      layout_basic, gammafunk_temple_overflow_claw, grunt_ogre_cave,
          minmay_mini_ossuary
D:8:      wander_guarded_unrand_ratskin, layout_basic, serial_shops, shop, shop,
          shop
D:9:      layout_basic, minmay_fractal_squares_gapless_7, uniq_psyche
D:10:     layout_basic, small_statue_alley_a, grunt_ministairs_12
D:11:     wander_river, layout_loops_corners, serial_shops,
          nicolae_shop_statue_plus
D:12:     layout_rooms, orc_0_dummy
D:13:     layout_rooms, kennysheep_minor_cross, kennysheep_cross_room,
          kennysheep_just_a_vault
D:14:     layout_rooms, lightli_vaults_fourway_checkpoint, serial_shops,
          bzr_entry_road, shop, shop, shop, shop, basic_altar,
          nicolae_ru_sacrificial_ziggurat
D:15:     gammafunk_depths_entry_grave, layout_stronghold,
          minmay_misc_feat_ornament, nrook_loot_triangle,
          chequers_serial_rivers_micro_e, minivault_25, lemuel_angel_altar
Temple:   hc_temple_tempest_star
Lair:1:   layout_cave_pods, chequers_serial_rivers_room_b, serial_bayou_pond_c,
          st_stairs_3, beast_lair_carwin_1, grunt_megastairs_1,
          infiniplex_staircase_pool
Lair:2:   layout_regular_city, minmay_shoals_entry_centaurs,
          nicolae_spider_entry_tight_spaces, grunt_forest_stairs_clearing
Lair:3:   layout_gridlike, minmay_lair_oklob_chamber
Shoals:1: layout_shoals
Shoals:2: layout_shoals, minmay_shop_enchanted_jewellery, uniq_frances,
          uniq_louise
Shoals:3: layout_shoals, portal_ice_cave_entry_pillars_three,
          nicolae_shoals_aquamancer_cove
Shoals:4: shoals_end_simple, layout_shoals, serial_shops, shop_statue,
          uniq_polyphemus
Spider:1: layout_spider_delve, hangedman_spider_tarantella_strand
Spider:2: layout_chambers, special_room [special_room_bee]
Spider:3: layout_spider_delve, einodemon_crawler_minivault, uniq_arachne,
          uniq_bai_suzhen
Spider:4: grunt_spider_rune_circles
Orc:1:    cheibrodos_orc_bank, layout_caves, basic_altar
Orc:2:    st_orc_mages, layout_caves, basic_altar, nicolae_orc_flooded_monolith
Vaults:1: st_octagons_2, v_rooms_2, ontoclasm_vaults_pinch, v_rooms_6,
          v_rooms_4, vaults_dpeg_doors, v_pattern_2, v_alt_pattern_3,
          v_alt_pattern_5, grunt_vaults_diagonal, vaults_room_semicircle,
          layout_vaults_ring, serial_shops, shop_fountains
Vaults:2: gammafunk_vaults_ghost_necromancy,
          nicolae_vaults_windows_and_doors_thing, ontoclasm_vaults_ring_large,
          nicolae_vaults_big_ls, vaults_dpeg_hooks,
          nicolae_vaults_little_squares_4, v_misc_26,
          minmay_crypt_entry_simple_box, layout_vaults_quadrants, uniq_margery
Vaults:3: grunt_vaults_funnel, v_alt_pattern_6, vaults_room_door_ring,
          v_misc_30, nicolae_vaults_network_barrier, ontoclasm_vaults_tryst,
          hangedman_vaults_restitches, nicolae_vaults_little_squares_5,
          v_misc_1, grunt_vaults_hallway_long, nicolae_vaults_hallways_thing,
          ontoclasm_vaults_loading_screen, nicolae_vaults_diagonal_hallway_6,
          nicolae_vaults_little_squares_4, layout_vaults_omnibox
Vaults:4: advil_vaults_ghost_guards, nicolae_vaults_c_with_doors, v_pattern_1,
          vaults_room_grid, hangedman_vaults_restitches, nicolae_vaults_arrows,
          v_misc_10, hangedman_vaults_trim, hangedman_vaults_corner_blocks,
          vaults_room_grid, ontoclasm_vaults_chip, nicolae_vaults_shelves_hall,
          layout_vaults_big_cross, serial_shops, shop,
          nicolae_trove_entry_diagonal
Vaults:5: serial_shops, uniq_saint_roka, uniq_xtahua
Depths:1: layout_cave_pools, chequers_serial_rivers_large_a, lightli_too_deep,
          minmay_statues_item, serial_bayou_lake_a
Depths:2: minmay_five_octagons, layout_gridlike, enter_ziggurat_f,
          rand_demon_pan_entry_5, nicolae_water_bricks, serial_shops,
          nicolae_shop_crystal, kennysheep_mini_moat, shop_statue, shop,
          hell_entry, corexii_leaking_fountain, minmay_variable_closet,
          infiniplex_staircase_zigzag_4, uniq_nikola, uniq_asterion
Depths:3: dpeg_oklob_gauntlet, layout_cave_pools, hell_entry,
          grunt_pan_entry_sceptre, kennysheep_crisscross, st_stairs_10,
          nicolae_elemental_shop
Depths:4: minmay_the_grid_4x2 [minmay_the_grid_minigrid_large,
          minmay_the_grid_tiny_cups, minmay_the_grid_aliased_spiral,
          minmay_the_grid_mess, minmay_the_grid_dragon_b,
          minmay_the_grid_minigrid_small, minmay_the_grid_minigrid_medium,
          minmay_the_grid_prize_big_room], layout_gridlike,
          hangedman_abyss_entry_splay, minmay_misc_feat_encased,
          rand_demon_pan_entry_9, hell_entry, ebering_ghost_reflecting_pool,
          door_vault
Depths:5: grunt_profane_halls [grunt_profane_temple_tar,
          grunt_profane_temple_dis, grunt_profane_temple_coc,
          grunt_profane_temple_geh, grunt_zot_portal], abyss_entry, hell_entry,
          uniq_frederick, uniq_boris
Zot:1:    layout_onion_interference, grunt_ministairs_5
Zot:2:    gammafunk_sealed_arena, layout_gridlike, evilmike_ambush
          [evilmike_ambush_outer_pillars, evilmike_ambush_inner_basic]
Zot:3:    layout_misc_corridors, drop_trap
Zot:4:    infiniplex_zot_generator, layout_basic, skrybe_zot_glass_3
Zot:5:    layout_gridlike

Skill      XL: |  1  2  3  4  5  6  7  8  9 10 11 12 13 14 15 16 17 18 19 20 21 22 |
---------------+-------------------------------------------------------------------+-----
Fighting       | 3 4 5 6 7 8 9 10 11 12 14 15 17 19 20 21 | 21.7
Axes           | 3 4 5 6 8 10 11 12 13 15 16 17 18 | 18.0
Armour         | 4 5 6 7 8 9 10 11 12 13 14 16 18 20 | 20.4
Shields        | 4 5 6 7 8 9 10 11 12 13 14 15 | 15.0
Invocations    | 3 5 7 9 11 12 13 15 | 15.0
Evocations     | 1 4 6 |  6.0
Dodging        | 7 10 12 | 12.7

Action                   |  1- 3 |  4- 6 |  7- 9 | 10-12 | 13-15 | 16-18 | 19-21 | 22-24 || total
-------------------------+-------+-------+-------+-------+-------+-------+-------+-------++-------
Melee: War axe           |    41 |    99 |   249 |       |       |       |       |       ||   389
       Hand axe          |       |       |   225 |  1022 |    96 |       |       |       ||  1343
       Broad axe         |       |       |       |       |  1013 |   884 |  1286 |   251 ||  3434
       Peck              |       |       |       |       |       |       |       |    15 ||    15
Invok: Lesser Servant of |       |       |       |     2 |     9 |     8 |     2 |       ||    21
       Greater Servant o |       |       |       |       |     9 |    12 |    22 |     3 ||    46
 Abil: Heal Wounds       |     1 |     7 |    17 |    10 |    19 |    32 |    43 |     3 ||   132
Evoke: Wand              |       |       |       |       |       |     3 |     1 |     7 ||    11
  Use: Scroll            |       |       |     8 |    11 |    16 |    11 |     8 |     3 ||    57
       Potion            |       |       |       |       |     4 |     1 |     6 |    10 ||    21
 Stab: Distracted        |       |       |       |       |     7 |     7 |     9 |     2 ||    25
       Confused          |       |       |       |       |       |       |     2 |       ||     2
  Eat: Chunk             |       |       |     9 |    17 |    13 |     5 |     6 |     2 ||    52
       Ration            |       |       |       |     2 |     2 |     2 |     2 |     1 ||     9
Armor: Scale mail        |    33 |       |       |       |       |       |       |       ||    33
       Chain mail        |       |    37 |   170 |    36 |       |       |       |       ||   243
       Plate armour      |       |       |       |   326 |   728 |   225 |       |       ||  1279
       Gold dragon scale |       |       |       |       |       |   263 |   871 |   141 ||  1275
Dodge: Dodged            |    14 |    17 |    95 |   160 |   243 |   200 |   356 |    72 ||  1157
Block: Kite shield       |    21 |    41 |   330 |   805 |  1183 |   821 |  1399 |   231 ||  4831
       Reflection        |       |       |     4 |    21 |    68 |    52 |    43 |     6 ||   194
